| TOP OF THE 1ST |
|
Kane County Cougars batting - Pitching for Atlanta (MID) Braves : RHP Jeremy Kasten
|
|
Pitching: RHP Jeremy Kasten
|
|
|
Batting: RHB Larry Hardman
|
0-0: Ball 1-0: Fly out, F8 (Line Drive, 8LS, EV 103.8 MPH)
|
|
Batting: LHB Omar Marquez
|
0-0: Ball 1-0: Foul Ball, location: 2F 1-1: Called Strike 1-2: Strikes out swinging
|
|
Batting: SHB Evan Armagost
|
0-0: Called Strike 0-1: Foul Ball, location: 2F 0-2: Fly out, F4 (Line Drive, 4, EV 64.4 MPH)
|
| Top of the 1st over - 0 runs, 0 hits, 0 errors, 0 left on base; Kane County 0 - Atlanta (MID) 0 |
| BOTTOM OF THE 1ST |
|
Atlanta (MID) Braves batting - Pitching for Kane County Cougars : RHP Alex Andrade
|
|
Pitching: RHP Alex Andrade
|
|
|
Batting: RHB Hisayuki Akiyama
|
0-0: Ball 1-0: Swinging Strike 1-1: Swinging Strike 1-2: Foul Ball, location: 2F 1-2: Ball 2-2: DOUBLE (Line Drive, 89D, EV 105.6 MPH)
|
|
Batting: RHB Joe Young
|
0-0: Ball 1-0: Called Strike 1-1: Called Strike 1-2: Ground out 6-3 (Groundball, 6D, EV 103.1 MPH)
|
|
Batting: LHB Erik Gretzky
|
0-0: Ball 1-0: Ball 2-0: Ball 3-0: Called Strike 3-1: Base on Balls
|
|
Batting: LHB Ben Goldstein
|
0-0: Ball Hisayuki Akiyama steals 3rd base (no throw) Erik Gretzky to second 1-0: Called Strike 1-1: Called Strike 1-2: Fly out, F7 (Flyball, 7, EV 86.9 MPH) Runner from 3rd tags up, SCORES, throw by LF Erik Gretzky to third
|
|
Batting: RHB Jose Ramos
|
0-0: Called Strike 0-1: Foul Ball, location: 2F 0-2: Ball 1-2: Fly out, F8 (Line Drive, 8LD, EV 88.1 MPH)
|
| Bottom of the 1st over - 1 run, 1 hit, 0 errors, 1 left on base; Kane County 0 - Atlanta (MID) 1 |
| TOP OF THE 2ND |
|
Kane County Cougars batting - Pitching for Atlanta (MID) Braves : RHP Jeremy Kasten
|
|
Batting: RHB Steve Machol
|
0-0: Reached on error, E3 (Groundball, 34, EV 104.4 MPH)
|
|
Batting: RHB Chad Mendoza
|
0-0: Ball 1-0: Ground out 6-3 (Groundball, 6, EV 90.0 MPH)
|
|
Batting: LHB Jeff Harmon
|
0-0: Ball 1-0: Called Strike 1-1: Called Strike 1-2: Fly out, F8 (Flyball, 8LXD, EV 90.6 MPH) Runner from 2nd tags up, SAFE at 3rd, no throw by CF
|
|
Batting: RHB Sergio Manzanero
|
0-0: Called Strike 0-1: Swinging Strike 0-2: Ball 1-2: Ball 2-2: Foul Ball, location: 2F 2-2: Ball 3-2: Strikes out swinging
|
| Top of the 2nd over - 0 runs, 0 hits, 1 error, 1 left on base; Kane County 0 - Atlanta (MID) 1 |
| BOTTOM OF THE 2ND |
|
Atlanta (MID) Braves batting - Pitching for Kane County Cougars : RHP Alex Andrade
|
|
Batting: RHB Josh McCormick
|
0-0: Ball 1-0: Ball 2-0: Called Strike 2-1: Foul Ball, location: 2F 2-2: Ball 3-2: Foul Ball, location: 2F 3-2: Strikes out looking
|
|
Batting: RHB Toki Takeuchi
|
0-0: Called Strike 0-1: Ground out 5-3 (Groundball, 56S, EV 76.2 MPH)
|
|
Batting: SHB Ian Arlotta
|
0-0: Ball 1-0: Fly out, F4 (Line Drive, 4M, EV 68.8 MPH)
|
| Bottom of the 2nd over - 0 runs, 0 hits, 0 errors, 0 left on base; Kane County 0 - Atlanta (MID) 1 |
| TOP OF THE 3RD |
|
Kane County Cougars batting - Pitching for Atlanta (MID) Braves : RHP Jeremy Kasten
|
|
Batting: RHB Ernesto Zamora
|
0-0: Ball 1-0: Called Strike 1-1: Ball 2-1: Swinging Strike 2-2: Foul Ball, location: 2F 2-2: Foul Ball, location: 2F 2-2: Strikes out swinging
|
|
Batting: LHB Tae-geun Kwang
|
0-0: Ball 1-0: Foul Ball, location: 2F 1-1: Foul Ball, location: 2F 1-2: Strikes out swinging
|
|
Batting: RHB Larry Hardman
|
0-0: Ball 1-0: Foul Ball, location: 2F 1-1: Foul Ball, location: 2F 1-2: Strikes out swinging
|
| Top of the 3rd over - 0 runs, 0 hits, 0 errors, 0 left on base; Kane County 0 - Atlanta (MID) 1 |
| BOTTOM OF THE 3RD |
|
Atlanta (MID) Braves batting - Pitching for Kane County Cougars : RHP Alex Andrade
|
|
Batting: RHB Mike Shook
|
0-0: Ground out 6-3 (Groundball, 6S, EV 80.0 MPH)
|
|
Batting: RHB Hisayuki Akiyama
|
0-0: Called Strike 0-1: Fly out, F6 (Popup, 6D, EV 57.5 MPH)
|
|
Batting: RHB Joe Young
|
0-0: Ball 1-0: Ground out 5-3 (Groundball, 5, EV 102.5 MPH)
|
| Bottom of the 3rd over - 0 runs, 0 hits, 0 errors, 0 left on base; Kane County 0 - Atlanta (MID) 1 |
| TOP OF THE 4TH |
|
Kane County Cougars batting - Pitching for Atlanta (MID) Braves : RHP Jeremy Kasten
|
|
Batting: LHB Omar Marquez
|
0-0: Called Strike 0-1: Foul Ball, location: 2F 0-2: Ball 1-2: Strikes out swinging
|
|
Batting: SHB Evan Armagost
|
0-0: Called Strike 0-1: Foul Ball, location: 2F 0-2: Foul Ball, location: 2F 0-2: Foul Ball, location: 2F 0-2: Ball 1-2: SINGLE (Groundball, 6D, EV 103.8 MPH)
|
|
Batting: RHB Steve Machol
|
0-0: Called Strike 0-1: Called Strike 0-2: Ball 1-2: Strikes out swinging
|
|
Batting: RHB Chad Mendoza
|
0-0: Called Strike 0-1: Ball 1-1: DOUBLE (Groundball, 5L, EV 107.5 MPH) Evan Armagost to third Runner from 3rd tries for Home, SAFE, throw by LF to home
|
|
Batting: LHB Jeff Harmon
|
0-0: Called Strike 0-1: SINGLE (Groundball, P, EV 83.1 MPH) (infield hit) Chad Mendoza to third
|
|
Batting: RHB Sergio Manzanero
|
0-0: Ball 1-0: Swinging Strike 1-1: Ball 2-1: Foul Ball, location: 2F 2-2: Strikes out looking
|
| Top of the 4th over - 1 run, 3 hits, 0 errors, 2 left on base; Kane County 1 - Atlanta (MID) 1 |
| BOTTOM OF THE 4TH |
|
Atlanta (MID) Braves batting - Pitching for Kane County Cougars : RHP Alex Andrade
|
|
Batting: LHB Erik Gretzky
|
0-0: Ball 1-0: Ball 2-0: Ball 3-0: Base on Balls
|
|
Batting: LHB Ben Goldstein
|
0-0: Ball Erik Gretzky is caught stealing 2nd base 2-6 1-0: Foul Ball, location: 2F 1-1: Ball 2-1: Foul Ball, location: 2F 2-2: Strikes out swinging
|
|
Batting: RHB Jose Ramos
|
0-0: Foul Ball, location: 2F 0-1: Ball 1-1: Foul Ball, location: 2F 1-2: Ground out 5-3 (Groundball, 56, EV 103.8 MPH)
|
| Bottom of the 4th over - 0 runs, 0 hits, 0 errors, 0 left on base; Kane County 1 - Atlanta (MID) 1 |
| TOP OF THE 5TH |
|
Kane County Cougars batting - Pitching for Atlanta (MID) Braves : RHP Jeremy Kasten
|
|
Batting: RHB Ernesto Zamora
|
0-0: Ball 1-0: Ball 2-0: Called Strike 2-1: Swinging Strike 2-2: Fly out, F7 (Flyball, 78M, EV 90.6 MPH)
|
|
Batting: LHB Tae-geun Kwang
|
0-0: Foul Ball, location: 2F 0-1: Foul Ball, location: 2F 0-2: Ball 1-2: Ball 2-2: Ball 3-2: Ground out 4-3 (Groundball, 4, EV 85.6 MPH)
|
|
Batting: RHB Larry Hardman
|
0-0: Foul Ball, location: 2F 0-1: Ball 1-1: Ball 2-1: Foul Ball, location: 2F 2-2: Foul Ball, location: 2F 2-2: Foul Ball, location: 2F 2-2: Strikes out swinging
|
| Top of the 5th over - 0 runs, 0 hits, 0 errors, 0 left on base; Kane County 1 - Atlanta (MID) 1 |
| BOTTOM OF THE 5TH |
|
Atlanta (MID) Braves batting - Pitching for Kane County Cougars : RHP Alex Andrade
|
|
Batting: RHB Josh McCormick
|
0-0: SINGLE (Groundball, 56D, EV 105.6 MPH)
|
|
Batting: RHB Toki Takeuchi
|
0-0: Ball 1-0: Ball 2-0: Ball 3-0: Base on Balls Josh McCormick to second
|
|
Batting: SHB Ian Arlotta
|
0-0: Foul Ball, location: 2F 0-1: Ball 1-1: Ball 2-1: Foul Ball, location: 2F 2-2: DOUBLE (Line Drive, 89D, EV 108.1 MPH) Josh McCormick scores Toki Takeuchi to third Runner from 3rd tries for Home, SAFE, throw by RF to home
|
|
Batting: RHB Mike Shook
|
0-0: Ball 1-0: Called Strike 1-1: Swinging Strike 1-2: Ball 2-2: Strikes out swinging
|
|
Batting: RHB Hisayuki Akiyama
|
0-0: Called Strike 0-1: Fly out, F3 (Popup, 23F, EV 88.1 MPH)
|
|
Batting: RHB Joe Young
|
0-0: Ball 1-0: Ball 2-0: Ball 3-0: Base on Balls
|
|
Batting: LHB Erik Gretzky
|
0-0: Ball 1-0: Ball 2-0: Foul Ball, location: 2F 2-1: Ball 3-1: Swinging Strike 3-2: Foul Ball, location: 2F 3-2: Base on Balls Ian Arlotta to third Joe Young to second
|
|
Batting: LHB Ben Goldstein
|
0-0: Swinging Strike 0-1: Foul Ball, location: 2F 0-2: Ball 1-2: Strikes out swinging
|
| Bottom of the 5th over - 2 runs, 2 hits, 0 errors, 3 left on base; Kane County 1 - Atlanta (MID) 3 |
| TOP OF THE 6TH |
|
Kane County Cougars batting - Pitching for Atlanta (MID) Braves : RHP Jeremy Kasten
|
|
Batting: LHB Omar Marquez
|
0-0: Ball 1-0: Called Strike 1-1: Ball 2-1: Swinging Strike 2-2: Foul Ball, location: 2F 2-2: Fly out, F6 (Popup, 15S, EV 79.4 MPH)
|
|
Batting: SHB Evan Armagost
|
0-0: Ball 1-0: Ball 2-0: SINGLE (Groundball, 25, EV 68.1 MPH) (infield hit)
|
|
Batting: RHB Steve Machol
|
0-0: Foul Ball, location: 2F 0-1: Ball 1-1: Ball 2-1: Foul Ball, location: 2F 2-2: TRIPLE (Line Drive, 89XD, EV 108.8 MPH) Evan Armagost scores
|
|
Batting: RHB Chad Mendoza
|
0-0: Ball 1-0: Ball 2-0: Foul Ball, location: 2F 2-1: Called Strike 2-2: Ground out 6-3 (Groundball, 56S, EV 86.2 MPH)
|
|
Batting: LHB Jeff Harmon
|
0-0: Called Strike 0-1: Swinging Strike 0-2: Strikes out swinging
|
| Top of the 6th over - 1 run, 2 hits, 0 errors, 1 left on base; Kane County 2 - Atlanta (MID) 3 |
| BOTTOM OF THE 6TH |
|
Atlanta (MID) Braves batting - Pitching for Kane County Cougars : RHP Alex Andrade
|
|
Batting: RHB Jose Ramos
|
0-0: Ball 1-0: Called Strike 1-1: Foul Ball, location: 2F 1-2: Ball 2-2: Ball 3-2: Base on Balls
|
|
Pitching: RHP Shigezo Shoji
|
|
|
Batting: RHB Josh McCormick
|
0-0: Ball 1-0: Called Strike Jose Ramos steals 2nd base 1-1: Foul Ball, location: 2F 1-2: Ball 2-2: Ball 3-2: Base on Balls
|
|
Batting: RHB Toki Takeuchi
|
0-0: Ball 1-0: Ground out 5-3 (Groundball, 6S, EV 61.9 MPH) Jose Ramos to third Josh McCormick to second
|
|
Batting: SHB Ian Arlotta
|
0-0: Called Strike 0-1: Foul Ball, location: 2F 0-2: Foul Ball, location: 2F 0-2: Strikes out swinging
|
|
Batting: RHB Mike Shook
|
0-0: Foul Ball, location: 2F 0-1: Foul Ball, location: 2F 0-2: Ball 1-2: Strikes out swinging
|
| Bottom of the 6th over - 0 runs, 0 hits, 0 errors, 2 left on base; Kane County 2 - Atlanta (MID) 3 |
| TOP OF THE 7TH |
|
Kane County Cougars batting - Pitching for Atlanta (MID) Braves : RHP Jeremy Kasten
|
|
Batting: RHB Sergio Manzanero
|
0-0: Swinging Strike 0-1: Swinging Strike 0-2: Strikes out looking
|
|
Batting: RHB Ernesto Zamora
|
0-0: Ground out 6-3 (Groundball, 6, EV 80.0 MPH)
|
|
Batting: LHB Tae-geun Kwang
|
0-0: Called Strike 0-1: Swinging Strike 0-2: Ball 1-2: Strikes out swinging
|
| Top of the 7th over - 0 runs, 0 hits, 0 errors, 0 left on base; Kane County 2 - Atlanta (MID) 3 |
| BOTTOM OF THE 7TH |
|
Atlanta (MID) Braves batting - Pitching for Kane County Cougars : RHP Shigezo Shoji
|
|
Pitching: RHP Dan Thompson
|
|
|
Batting: RHB Hisayuki Akiyama
|
0-0: Ball 1-0: Ball 2-0: Called Strike 2-1: Foul Ball, location: 2F 2-2: Ball 3-2: Foul Ball, location: 2F 3-2: Base on Balls
|
|
Batting: RHB Joe Young
|
0-0: Ball Hisayuki Akiyama steals 2nd, throwing error, E2 Hisayuki Akiyama to third 1-0: Called Strike 1-1: Ball 2-1: Ground out 6-3 (Groundball, 6, EV 81.2 MPH)
|
|
Batting: LHB Erik Gretzky
|
0-0: Intentional Walk
|
|
Batting: LHB Ben Goldstein
|
0-0: Called Strike 0-1: Fly out, F9 (Line Drive, 9, EV 86.9 MPH)
|
|
Batting: RHB Jose Ramos
|
0-0: Called Strike Erik Gretzky steals 2nd base 0-1: Swinging Strike 0-2: Ball 1-2: Foul Ball, location: 2F 1-2: Ball 2-2: Foul Ball, location: 2F 2-2: Ball Passed Ball! Hisayuki Akiyama scores Erik Gretzky to third 3-2: Foul Ball, location: 2F 3-2: Base on Balls
|
|
Pitching: RHP Tom Alatas
|
|
|
Batting: RHB Josh McCormick
|
0-0: Ball 1-0: Foul Ball, location: 2F 1-1: Ball 2-1: SINGLE (Groundball, 6MD, EV 96.9 MPH) Erik Gretzky scores Jose Ramos to second Runner from 2nd tries for 3rd, OUT! 8-5
|
| Bottom of the 7th over - 2 runs, 1 hit, 1 error, 1 left on base; Kane County 2 - Atlanta (MID) 5 |
| TOP OF THE 8TH |
|
Kane County Cougars batting - Pitching for Atlanta (MID) Braves : RHP Jeremy Kasten
|
|
Now in RF: Badr al Din Ridha
|
|
|
Batting: RHB Larry Hardman
|
0-0: Ball 1-0: Ball 2-0: Foul Ball, location: 2F 2-1: Foul Ball, location: 2F 2-2: SINGLE (Groundball, 25, EV 66.2 MPH) (infield hit)
|
|
Pitching: RHP Gordon Cushing
|
|
|
Batting: LHB Omar Marquez
|
0-0: Ground out 5-3 (Groundball, 5S, EV 72.5 MPH) Larry Hardman to second
|
|
Batting: SHB Evan Armagost
|
0-0: Ball 1-0: Ground out 3-1 (Groundball, 34, EV 98.1 MPH) Larry Hardman to third
|
|
Batting: RHB Steve Machol
|
0-0: Ground out 6-3 (Groundball, 56, EV 111.9 MPH)
|
| Top of the 8th over - 0 runs, 1 hit, 0 errors, 1 left on base; Kane County 2 - Atlanta (MID) 5 |
| BOTTOM OF THE 8TH |
|
Atlanta (MID) Braves batting - Pitching for Kane County Cougars : RHP Tom Alatas
|
|
Batting: RHB Toki Takeuchi
|
0-0: SINGLE (Groundball, P, EV 88.1 MPH) (infield hit)
|
|
Batting: SHB Ian Arlotta
|
Pickoff Play to 1st, Runner tries for 2nd, OUT after rundown. 0-0: Called Strike 0-1: Foul Ball, location: 2F 0-2: Ball 1-2: Foul Ball, location: 2F 1-2: Ball 2-2: Ball 3-2: Base on Balls
|
|
Batting: RHB Mike Shook
|
0-0: Called Strike Ian Arlotta steals 2nd base 0-1: Ground out U3 (Groundball, 3, EV 104.4 MPH) Ian Arlotta to third
|
|
Batting: RHB Hisayuki Akiyama
|
0-0: Called Strike 0-1: Swinging Strike 0-2: Ball 1-2: Strikes out swinging
|
| Bottom of the 8th over - 0 runs, 1 hit, 0 errors, 1 left on base; Kane County 2 - Atlanta (MID) 5 |
| TOP OF THE 9TH |
|
Kane County Cougars batting - Pitching for Atlanta (MID) Braves : RHP Gordon Cushing
|
|
Pitching: RHP Omar Orosco
|
|
|
Batting: RHB Chad Mendoza
|
0-0: Called Strike 0-1: Ball 1-1: Ball 2-1: Ball 3-1: Base on Balls
|
|
Batting: LHB Jeff Harmon
|
0-0: Ball 1-0: Grounds into double play, 4-6-3 (Groundball, 34, EV 80.6 MPH)
|
|
Batting: RHB Sergio Manzanero
|
0-0: Ball 1-0: Called Strike 1-1: Foul Ball, location: 2F 1-2: Strikes out swinging
|
| Top of the 9th over - 0 runs, 0 hits, 0 errors, 0 left on base; Kane County 2 - Atlanta (MID) 5 |
|